Map: Darkness Sanctuary LE

Players

Avoš - Winner!

  • Race: Protoss Protoss
  • Spawn Location: 11:00

Commander

  • Race: Protoss Protoss
  • League: Silver
  • Spawn Location: 7:00

VOD

Have the link to the VOD?

Description

Time

  • Played on: July 28, 2018, 4:57 p.m.
  • Length: 35:01
Show
View Real Time Build Order
Export as new Build Order

Avoš Protoss - Winner!

Build Orders:  

Get SALT Encoding   

  12  0:01  Probe  
  13  0:09  Probe  
  14  0:18  Probe  
  14  0:21  Pylon  
  15  0:39  Probe  
  16  0:44  Gateway  
  16  0:49  Assimilator  
  16  0:51  Probe  
  17  0:58  Assimilator  
  17  1:03  Probe  
  18  1:10  Gateway  
  18  1:15  Probe  
  19  1:28  Probe  
  20  1:33  Cybernetics Core  
  20  1:40  Probe  
  20  1:41  Pylon  
  21  1:52  Probe  
  22  2:05  Probe  
  23  2:09  Warp Gate  
  23  2:11  Stalker, Sentry  
  27  2:18  Probe  
  28  2:25  Pylon  
  28  2:30  Probe  
  29  2:37  Stalker  
  29  2:43  Stalker  
  33  3:02  Nexus  
  33  3:28  Stalker x2  
  31  3:53  Twilight Council  
  31  3:55  Forge  
  30  3:58  Zealot x2  
  30  4:25  Stalker x2  
  34  4:37  Probe  
  35  4:47  Charge  
  31  4:55  Stalker x2  
  31  4:59  Protoss Ground Weapons Level 1  
  33  5:03  Probe x2  
  32  5:15  Probe x2  
  33  5:39  Probe x2  
  35  5:51  Probe x2  
  37  6:03  Probe x2  
  39  6:06  Gateway  
  39  6:08  Gateway  
  39  6:15  Probe x2  
  39  6:18  Blink  
  41  6:19  Assimilator  
  41  6:27  Probe  
  41  6:31  Pylon  
  42  6:35  Pylon  
  42  6:45  Protoss Ground Armor Level 1  
  42  6:56  Probe x2  
  44  7:08  Probe  
  44  7:09  Probe  
  44  7:10  Zealot x3  
  44  7:11  Zealot  
  54  7:21  Probe x2  
  56  7:25  Shield Battery  
  56  7:35  Assimilator  
  56  7:49  Robotics Facility  
  56  7:53  Zealot  
  56  7:54  Zealot x3  
  64  8:16  Probe x2  
  66  8:20  Nexus  
  66  8:23  Assimilator  
  66  8:24  Stalker x2  
  70  8:27  Assimilator  
  70  8:29  Pylon  
  70  8:33  Pylon  
  70  8:35  Pylon  
  70  8:39  Pylon  
  70  8:47  Probe x2  
  72  8:57  Robotics Bay  
  72  8:59  Probe  
  73  9:04  Probe  
  73  9:07  Zealot x2  
  73  9:08  Zealot x2  
  82  9:11  Probe  
  82  9:16  Probe  
  84  9:22  Photon Cannon  
  84  9:23  Probe  
  85  9:24  Protoss Ground Weapons Level 2  
  85  9:32  Gateway  
  85  9:34  Gateway  
  85  9:36  Gateway  
  85  9:38  Gateway  
  85  9:55  Immortal  
  89  10:02  Probe  
  89  10:03  Probe x2  
  92  10:15  Probe x3  
  95  10:32  Stalker  
  95  10:33  Stalker x4  
  95  10:34  Stalker x3  
  111  11:18  Probe x2  
  111  11:19  Probe  
  111  11:22  Zealot  
  116  11:29  Pylon  
  116  11:30  Probe  
  116  11:31  Pylon  
  117  11:33  Pylon  
  117  11:36  Pylon  
  117  11:39  Pylon  
  117  11:40  Protoss Ground Armor Level 2, Pylon  
  117  11:41  Pylon  
  117  11:47  Probe x2  
  119  12:26  Observer  
  110  13:20  Stalker x4  
  110  13:21  Stalker x4  
  126  13:42  Robotics Facility  
  126  13:43  Robotics Facility  
  126  13:44  Robotics Facility  
  126  13:51  Protoss Ground Weapons Level 3  
  126  13:57  Nexus  
  126  13:58  Pylon  
  126  14:00  Pylon  
  126  14:01  Assimilator  
  126  14:03  Assimilator  
  126  14:20  Zealot x5  
  126  14:21  Zealot x3  
  142  14:37  Templar Archives  
  142  15:10  Probe x2  
  142  15:11  Probe  
  145  15:15  Probe  
  146  15:22  Probe  
  146  15:23  Probe x2  
  146  15:27  Probe  
  150  15:28  Stalker x3  
  150  15:29  Stalker x5  
  150  15:34  Probe  
  102  16:28  Protoss Ground Armor Level 3  
  72  16:45  Stalker  
  72  16:46  Stalker x4  
  80  16:47  Stalker x3  
  86  16:57  Immortal x4  
  102  17:13  Probe x4  
  106  17:18  Zealot x3  
  106  17:19  Zealot x5  
  122  17:25  Probe x3  
  122  17:26  Probe  
  126  17:36  Immortal x4  
  142  17:43  Nexus  
  142  17:45  Stalker x2  
  142  17:46  Stalker x2  
  142  17:47  Stalker x4  
  158  18:12  Stalker  
  158  18:13  Stalker x5  
  158  18:14  Stalker x2  
  118  19:06  Protoss Shields Level 1  
  96  19:18  Stalker x2  
  96  19:19  Stalker x3  
  96  19:20  Stalker x2  
  96  19:22  Stalker  
  110  19:48  Stargate  
  110  19:50  Stargate  
  110  19:51  Stargate  
  110  19:53  Stargate  
  110  19:56  Stargate  
  110  19:58  Probe, Stargate  
  111  20:00  Stargate  
  111  20:03  Stargate  
  111  20:10  Probe  
  112  20:16  Zealot x4  
  112  20:17  Assimilator, Zealot x2  
  112  20:18  Zealot x2  
  128  20:22  Assimilator, Probe  
  128  20:23  Pylon  
  128  20:26  Pylon  
  129  20:28  Pylon  
  129  20:29  Pylon  
  129  20:31  Immortal x3  
  129  20:32  Immortal  
  129  20:34  Probe  
  146  20:46  Probe  
  147  20:56  Gateway  
  147  20:57  Gateway  
  147  21:00  Gateway x2  
  147  21:02  Stalker x3  
  147  21:03  Stalker x4  
  147  21:04  Stalker, Gateway  
  163  21:06  Gateway  
  163  21:08  Gateway  
  163  21:09  Gateway  
  163  21:10  Immortal x2  
  163  21:11  Immortal x2  
  179  21:21  Protoss Shields Level 2  
  179  21:24  Void Ray x3  
  179  21:25  Void Ray x2  
  199  21:26  Protoss Air Weapons Level 1  
  103  23:20  Protoss Air Armor Level 1  
  103  23:26  Void Ray x4  
  103  23:27  Void Ray x4  
  122  23:41  Stalker x2  
  122  23:42  Stalker x3  
  132  23:58  Observer  
  164  24:27  Nexus  
  164  24:28  Assimilator  
  164  24:32  Assimilator  
  150  25:52  Nexus  
  150  26:06  Stalker  
  150  26:07  Stalker x4  
  150  26:08  Stalker x2  
  150  26:09  Stalker  
  166  26:34  Stalker x2  
  166  26:35  Stalker x5  
  166  26:37  Stalker  
  182  27:01  Nexus  
  182  27:05  Assimilator x2  
  91  28:58  Observer x3  
  91  28:59  Observer  
  91  29:01  Stalker x3  
  91  29:02  Stalker x4  
  109  29:03  Stalker  
  107  29:32  Stalker x3  
  107  29:33  Stalker x3  
  107  29:34  Stalker x2  
  71  31:35  Zealot x4  
  71  31:36  Zealot x4  
  87  32:03  Stalker x4  
  87  32:04  Stalker x4  
  101  32:44  Zealot x3  
  101  32:45  Zealot x5  
  102  34:10  Zealot  
  102  34:11  Zealot x7  
Show
View Real Time Build Order
Export as new Build Order

Commander Protoss 

Build Orders:  

Get SALT Encoding   

  12  0:22  Pylon  
  12  0:26  Probe  
  13  0:38  Probe  
  14  0:43  Gateway  
  14  0:50  Gateway  
  14  1:10  Forge  
  14  1:14  Pylon  
  14  1:22  Probe  
  14  1:23  Assimilator  
  14  1:30  Probe  
  15  1:35  Zealot  
  15  1:39  Zealot  
  20  1:40  Probe  
  21  1:52  Probe  
  22  2:02  Zealot  
  22  2:04  Probe  
  22  2:06  Zealot  
  27  2:29  Zealot  
  29  2:33  Zealot  
  29  2:34  Assimilator  
  31  2:41  Pylon  
  31  2:59  Zealot  
  31  3:01  Zealot  
  33  3:14  Probe  
  33  3:19  Cybernetics Core  
  34  3:26  Probe, Zealot  
  37  3:28  Zealot  
  37  3:32  Photon Cannon  
  37  3:44  Probe, Photon Cannon  
  38  3:56  Pylon  
  38  4:00  Twilight Council  
  38  4:06  Warp Gate  
  38  4:08  Stalker  
  38  4:11  Stalker  
  38  4:29  Pylon  
  38  4:37  Pylon  
  34  4:46  Pylon  
  32  4:54  Stalker x2  
  36  5:20  Stalker x2  
  32  6:00  Pylon  
  30  6:04  Nexus  
  28  6:16  Stalker  
  28  6:17  Stalker  
  32  6:23  Photon Cannon  
  32  6:24  Photon Cannon  
  32  6:29  Photon Cannon  
  32  6:35  Shield Battery  
  32  6:42  Photon Cannon  
  32  6:52  Blink  
  32  7:10  Gateway  
  32  7:15  Photon Cannon  
  32  7:16  Probe  
  33  7:25  Probe  
  34  7:34  Probe  
  35  7:46  Probe  
  36  7:53  Stalker  
  36  7:54  Stalker  
  36  7:57  Probe  
  40  8:05  Probe  
  42  8:13  Probe  
  43  8:20  Sentry x2  
  43  8:21  Sentry  
  43  8:25  Probe  
  50  8:34  Probe  
  50  8:36  Protoss Ground Armor Level 1  
  51  8:42  Probe  
  52  8:51  Probe  
  53  8:58  Photon Cannon  
  53  9:02  Photon Cannon  
  53  9:03  Probe  
  53  9:06  Photon Cannon  
  54  9:14  Dark Shrine  
  54  9:15  Probe  
  55  9:20  Robotics Facility  
  55  9:32  Assimilator  
  55  9:37  Assimilator  
  55  9:45  Pylon  
  55  10:07  Stalker x3  
  61  10:14  Photon Cannon  
  61  10:17  Photon Cannon  
  61  10:20  Photon Cannon  
  61  10:24  Charge  
  61  10:29  Observer  
  61  10:32  Shadow Stride  
  62  10:38  Dark Templar x2  
  62  10:39  Dark Templar  
  68  10:50  Observer  
  67  12:10  Dark Templar x2  
  67  12:11  Dark Templar  
  73  12:16  Immortal  
  77  12:55  Immortal  
  73  13:11  Dark Templar x2  
  77  13:13  Stalker  
  79  13:25  Archon  
  83  13:34  Immortal  
  83  13:36  Probe  
  84  14:42  Templar Archives  
  84  14:54  Stargate  
  84  14:56  Stargate  
  84  14:57  Stargate  
  84  15:07  Pylon  
  84  15:15  Pylon  
  84  15:32  Void Ray x3  
  84  15:35  Protoss Ground Weapons Level 1  
  81  15:59  Dark Templar x3  
  62  16:15  Void Ray x3  
  61  16:32  Dark Templar x2  
  60  16:50  Pylon  
  60  16:55  Pylon  
  60  16:59  Pylon  
  60  17:15  Photon Cannon  
  60  17:16  Photon Cannon  
  60  17:21  Photon Cannon  
  60  17:25  Photon Cannon  
  60  17:27  Shield Battery  
  60  17:29  Protoss Shields Level 1  
  60  17:32  Shield Battery  
  60  18:07  Nexus  
  60  18:13  Pylon  
  60  18:17  Pylon  
  60  18:22  Pylon  
  60  18:29  Void Ray x2  
  60  18:30  Void Ray  
  72  18:34  Stalker x2  
  72  18:35  Stalker  
  78  18:55  Photon Cannon  
  76  18:56  Photon Cannon  
  76  19:02  Dark Templar x2  
  60  19:12  Void Ray x2  
  60  19:13  Void Ray  
  72  20:14  Immortal  
  76  20:31  Void Ray x2  
  84  20:46  Photon Cannon  
  84  20:53  Warp Prism  
  84  20:54  Photon Cannon  
  84  20:56  Photon Cannon  
  86  21:30  Zealot  
  86  21:31  Zealot x2  
  92  21:41  Pylon  
  92  22:27  Dark Templar x3  
  85  23:00  Dark Templar  
  77  25:29  Assimilator  
  77  25:33  Assimilator  
  77  25:43  Gateway  
  77  25:45  Gateway  
  77  25:48  Gateway  
  77  25:50  Gateway  
  77  26:04  Nexus  
  77  26:22  Nexus  
  77  26:26  Pylon  
  77  26:30  Pylon  
  77  26:46  Dark Templar  
  79  26:47  Dark Templar x3  
  85  27:22  Zealot x3  
  87  27:23  Zealot  
  57  27:44  Probe  
  57  27:46  Probe  
  59  27:53  Zealot x3  
  59  27:54  Zealot  
  59  27:56  Probe  
  68  27:59  Probe  
  69  28:09  Probe  
  69  28:11  Probe  
  71  28:14  Archon x3  
  71  28:21  Probe  
  71  28:23  Probe, Stalker  
  75  28:33  Probe  
  76  28:35  Probe  
  77  29:04  Dark Templar  
  79  29:16  Forge  
  80  29:17  Probe  
  80  29:21  Assimilator  
  80  29:24  Probe  
  81  29:26  Assimilator  
  81  29:29  Probe  
  82  29:36  Probe  
  83  29:41  Probe  
  84  29:48  Probe  
  85  30:01  Probe x2  
  83  30:13  Probe x2  
  65  30:23  Archon  
  53  31:00  Gateway  
  53  31:03  Gateway  
  53  31:07  Gateway  
  48  31:12  Photon Cannon  
  48  31:13  Photon Cannon  
  48  31:16  Photon Cannon  
  41  31:18  Photon Cannon  
  41  31:20  Photon Cannon  
  41  31:22  Photon Cannon  
  41  31:23  Probe  
  30  31:30  Pylon  
  27  31:35  Probe  
  28  31:47  Probe  
  28  31:50  Photon Cannon  
  28  31:51  Photon Cannon  
  29  31:59  Probe  
  30  32:11  Probe  
  31  32:17  Cybernetics Core  
  31  32:20  Pylon  
  31  32:23  Probe  
  28  32:33  Pylon  
  28  32:35  Probe  
  23  32:45  Pylon  
  23  32:55  Stalker x3  
  29  33:22  Stalker x2  
  29  33:23  Stalker  
  29  33:25  Pylon  
  6  33:43  Nexus  
  6  34:01  Nexus  
  6  34:12  Pylon  
  6  34:14  Pylon  
  6  34:15  Pylon  
  6  34:18  Pylon  
Tags
 
League
Silver
Matchup
PvP
Spawn Locations
Close Positions
Add a new tag
Caveats
  • Supply blocks, unpowered buildings, or Contaminate may cause inaccurate times.
  • Supply counts are checked every 10 seconds.